 Dungeon Crawl Stone Soup version 0.31-a0-986-g5e6e4ef867 (webtiles) character file.

Game seed: 3560964749707708524

13669 Zonian the Thaumaturge (level 11, -5/54 HPs)
             Began as a Deep Elf Conjurer on Nov 3, 2023.
             Was a Priest of Vehumet.
             Slain by a blink frog (17 damage)
             ... on level 2 of the Lair of Beasts on Nov 4, 2023.
             The game lasted 01:09:15 (24276 turns).

Zonian the Thaumaturge (Deep Elf Conjurer)         Turns: 24276, Time: 01:09:16

Health: -5/54      AC:  6    Str:  4    XL:     11   Next: 78%
Magic:  15/26      EV: 13    Int: 34    God:    Vehumet [***...]
Gold:   386        SH:  5    Dex: 13    Spells: 7/34 levels left

rFire   + . .        h - +2 dagger (venom)
rCold   + + .        v - +0 buckler
rNeg    . . .        a - +0 robe
rPois   .            (no helmet)
rElec   .            q - scarf {rC+ rF+}
rCorr   .            k - +0 pair of gloves
SInv    .            I - +2 pair of boots {Stlth+}
Will    +....        (no amulet)
Stlth   ++++         c - +6 ring of intelligence
HPRegen 0.29/turn    P - ring of protection from cold
MPRegen 0.20/turn

%: clarity
@: no status effects
A: clarity, low MP 1
a: Renounce Religion


You were on level 2 of the Lair of Beasts.
You worshipped Vehumet.
Vehumet was most pleased with you.
You visited 3 branches of the dungeon, and saw 12 of its levels.
You also visited: Sewer.

You collected 476 gold pieces.
You spent 90 gold pieces at shops.

Inventory:

Hand Weapons
 f - a +1 dagger of venom
 h - a +2 dagger of venom (weapon)
 l - a +2 whip of flaming
 n - a +1 short sword of venom
 p - a +1 short sword of speed
 H - a +5 long sword
 J - the +4 long sword of Ishrop {vamp, Int+2}
   (You found it on level 8 of the Dungeon)

   Int+2:     It affects your intelligence (+2).
 K - a +3 dagger of electrocution
 O - the +6 flail of the Mind {freeze, rElec rCorr}
   (You found it on level 9 of the Dungeon)

   rElec:     It insulates you from electricity.
   rCorr:     It protects you from acid and corrosion.
 R - a +0 demon whip of venom
Missiles
 w - 53 poisoned darts
Armour
 a - a +0 robe (worn)
 k - a +0 pair of gloves (worn)
 q - a scarf of resistance (worn)
 v - a +0 buckler (worn)
 C - a +0 pair of boots
 D - a +0 cloak
 I - a +2 pair of boots of stealth (worn)
 L - +0 acid dragon scales
Jewellery
 c - a +6 ring of intelligence (left hand)
 P - a ring of protection from cold (right hand)
Wands
 x - a wand of light (15)
 y - a wand of flame (13)
 E - a wand of roots (6)
 F - a wand of charming (12)
 M - a wand of mindburst (2)
Scrolls
 j - 3 scrolls of teleportation
 A - 2 scrolls of identify
 B - a scroll of fog
 N - a scroll of revelation
 Q - a scroll of amnesia
Potions
 d - a potion of degeneration
 e - 4 potions of lignification
 g - a potion of curing
 i - a potion of cancellation
 m - 3 potions of invisibility
 o - 2 potions of might
 r - 2 potions of brilliance
 s - a potion of enlightenment
 t - a potion of ambrosia
 u - a potion of berserk rage
 z - a potion of attraction


   Skills:
 - Level 4.0 Short Blades
 + Level 6.1 Dodging
 - Level 4.2 Stealth
 - Level 4.0 Shields
 + Level 12.3 Spellcasting
 + Level 11.0 Conjurations
 + Level 11.3 Hexes
 + Level 3.1 Necromancy
 + Level 5.7 Translocations
 + Level 3.7 Earth Magic


You had 7 spell levels left.
You knew the following spells:

 Your Spells              Type           Power      Damage    Failure   Level
a - Magic Dart            Conj           100%       1d8       1%          1
b - Searing Ray           Conj           100%       2d8       1%          2
c - Dazzling Flash        Conj/Hex       100%       N/A       1%          3
d - Confusing Touch       Hex            78%        N/A       1%          3
e - Slow                  Hex            100%       N/A       1%          1
f - Sigil of Binding      Hex            78%        N/A       1%          3
g - Fulminant Prism       Conj/Hex       38%        3d17      1%          4
h - Iskenderun's Mystic   Conj/Tloc      67%        2d14      1%          4
i - Stone Arrow           Conj/Erth      100%       3d13      1%          3
j - Vampiric Draining     Necr           42%        2d9       3%          3

Your spell library contained the following spells:

 Spells                   Type           Power      Damage    Failure   Level
 Scorch                   Fire           40%        2d6       1%          2
 Kiss of Death            Conj/Necr      100%       2d13      1%          1
 Momentum Strike          Conj/Tloc      100%       3d10      1%          2
 Hailstorm                Conj/Ice       55%        3d12      1%          3
 Volatile Blastmotes      Fire/Tloc      80%        2d16      1%          3
 Passage of Golubria      Tloc           56%        N/A       3%          4
 Lee's Rapid Deconstruct  Erth           23%        3d13*     6%          5
 Bombard                  Conj/Erth      32%        9d6       7%          6
 Animate Dead             Necr           42%        N/A       10%         4
 Dispel Undead            Necr           42%        3d17      10%         4
 Summon Mana Viper        Hex/Summ       56%        N/A       10%         5
 Starburst                Conj/Fire      27%        6d9       16%         6
 Summon Ice Beast         Ice/Summ       20%        N/A       36%         4
 Haunt                    Necr/Summ      15%        N/A       100%        7
 Monstrous Menagerie      Summ           10%        N/A       100%        7
 Infestation              Necr           21%        N/A       100%        8
 Maxwell's Capacitive Co  Air            10%        ∞         100%        8


Dungeon Overview and Level Annotations

Branches:
Dungeon (9/15)             Temple (1/1) D:5            Lair (2/5) D:9
  Sewer (visited)
  Swamp: Lair:2-3    Shoals: Lair:2-3     Snake: Lair:2-3    Spider: Lair:2-3
    Orc: D:9-12

Altars:
Cheibriados
Dithmenos
Elyvilon
Fedhas
Gozag
Hepliaklqana
Kikubaaqudgha
Nemelex Xobeh
Okawaru
Qazlal
Sif Muna
Trog
Uskayaw
Vehumet
Wu Jian
Xom
Yredelemnul
Zin
The Shining One

Shops:
D:9 :

Annotations:
D:5 Blork the orc
D:8 Joseph
D:9 exclusion: ice statue


Innate Abilities, Weirdness & Mutations

You possess an exceptional clarity of mind.
Your magical capacity is low. (-10% MP)


Message History

Press: ? - help, Dir - look around, f - activate The blink frog is dazzled. x2; The wolf bites you.
* * * LOW HITPOINT WARNING * * *
The blink frog blinks! x2; The wolf bites you but does no damage.
Blink to where?
Press: ? - help, Dir - move target
As you read the scroll of blinking, it crumbles to dust.
The blink frog blinks!
You miss the wolf.
The wolf is severely wounded.
Vehumet accepts your kill.
You feel a bit more experienced. The wolf misses you.
You closely miss the wolf.
The wolf is severely wounded.
You block the wolf's attack. The wolf barely misses you.
Casting: Dazzling Flash (safe; 1% risk of failure)
Confirm with . or Enter, or press ? or * to list all spells.
Aiming: Searing Ray (safe; 1% risk of failure)
Press: ? - help, Shift-Dir - straight line, f - wolf
Aim: a wolf (severely wounded, 72% to hit)
The searing ray hits the wolf.
The wolf is severely wounded. (Press . to maintain the ray.)
You block the wolf's attack.
You hit the wolf.
The wolf is almost dead.
The wolf barely misses you. The wolf bites you but does no damage.
Unknown command.
You hit the wolf.
You kill the wolf!
Vehumet accepts your kill.
Unknown command.
You barely miss the blink frog. The blink frog hits you!
* * * LOW HITPOINT WARNING * * *
The blink frog blinks! x2
Unknown command.
You feel better.
Unknown command.
Magic courses through your body. The blink frog hits you!
You die...

....... .............# #.
.....F......# #.
#.#.....§..†# #. ..
#...##...§..# #.. #. P...
#...##.>.F..# #..###.
.....#...##..[...# #...#..
#........§##......###....+.
##....##F§##...F.........#.
#.... ###@#......##.##.#..
#... #F#.......#####...
#.... .........#.###.##.
⌠..# ...................
... ....................
...........[.........
.............<........
...####.......#...#.#P#
#............##.#####


You could see 2 blink frogs.

Vanquished Creatures
  A boulder beetle (D:9)
  Amaemon (Lair:1)
  2 black mambas
  An orange demon (Lair:2)
  5 cane toads
  A komodo dragon (Lair:1)
  A troll (D:8)
  Grinder (D:6)
  A wolf spider simulacrum (D:8)
  7 blink frogs
  A centaur simulacrum (D:8)
  A wyvern (D:9)
  19 yaks
  2 steam dragons
  A basilisk (Lair:1)
  2 acid dragons
  2 water moccasins (Lair:1)
  5 orc warriors (D:9)
  3 black bears
  4 ice beasts (D:8)
  2 wolves (Lair:2)
  2 centaurs
  5 kobold brigands
  5 bullfrogs
  A gnoll sergeant (D:8)
  2 scorpions
  6 wights
  5 killer bees (D:8)
  4 howler monkeys
  Crazy Yiuf (D:6)
  5 orc priests
  A gnoll bouda (D:6)
  4 hounds
  2 sleepcaps
  13 orc wizards
  A mummy (D:6)
  14 gnolls
  11 adders
  6 river rats (Sewer)
  A shadow imp (D:6)
  4 ufetubi
  4 worms
  2 dart slugs
  39 orcs
  4 bats
  5 endoplasms
  3 giant cockroaches
  5 goblins
  9 hobgoblins
  7 jackals
  8 ball pythons
  4 frilled lizards
  44 kobolds
  27 rats
317 creatures vanquished.

Vanquished Creatures (others)
  2 fulminant prisms
2 creatures vanquished.

Grand Total: 319 creatures vanquished

Notes
Turn   | Place    | Note
-------+----------+-------------------------------------------
     0 | D:1      | Zonian the Deep Elf Conjurer began the quest for the Orb.
     0 | D:1      | Reached XP level 1. HP: 10/10 MP: 6/6
   662 | D:1      | Reached XP level 2. HP: 15/15 MP: 4/8
  1931 | D:2      | Reached XP level 3. HP: 15/19 MP: 1/10
  2031 | D:2      | Learned a level 2 spell: Searing Ray
  2035 | D:2      | Learned a level 3 spell: Dazzling Flash
  3078 | D:2      | Reached XP level 4. HP: 24/24 MP: 7/11
  3351 | D:3      | Reached skill level 4 in Spellcasting
  3351 | D:3      | Reached skill level 5 in Conjurations
  3775 | D:3      | Reached XP level 5. HP: 10/28 MP: 5/13
  3892 | D:3      | Found a glowing drain.
  3951 | Sewer    | Entered a sewer
  4757 | Sewer    | Reached skill level 1 in Hexes
  5581 | Sewer    | Reached skill level 5 in Spellcasting
  5581 | Sewer    | Reached XP level 6. HP: 32/32 MP: 8/15
  6815 | D:3      | Found a faded altar of an unknown god.
  7130 | D:4      | Learned a level 3 spell: Confusing Touch
  7141 | D:4      | Learned a level 1 spell: Slow
  7145 | D:4      | Learned a level 3 spell: Sigil of Binding
  8613 | D:4      | Found a radiant altar of Vehumet.
  8849 | D:5      | Entered Level 5 of the Dungeon
  8891 | D:5      | Reached XP level 7. HP: 36/36 MP: 12/17
  9065 | D:5      | Noticed Blork the orc
  9099 | D:5      | Reached skill level 6 in Spellcasting
  9255 | D:5      | Found a staircase to the Ecumenical Temple.
  9261 | Temple   | Entered the Ecumenical Temple
  9708 | D:5      | Found a glowing silver altar of Zin.
  9709 | D:5      | Found Zin's Purification Station.
  9720 | D:5      | Bought a potion of curing for 90 gold pieces
  9961 | D:6      | Noticed Grinder
 10288 | D:6      | Gained mutation: Armour fits poorly on your strangely
                  | shaped body. [potion of mutation]
 10288 | D:6      | Gained mutation: Potions are less effective at restoring
                  | your health. [potion of mutation]
 10288 | D:6      | Gained mutation: You have a somewhat thin skeletal
                  | structure. (Dex +2, Stealth+) [potion of mutation]
 10289 | D:6      | Lost mutation: You have a somewhat thin skeletal structure.
                  | (Dex +2, Stealth+) [potion of mutation]
 10289 | D:6      | Lost mutation: Armour fits poorly on your strangely shaped
                  | body. [potion of mutation]
 10289 | D:6      | Gained mutation: You occasionally lose the ability to drink
                  | potions when taking damage. [potion of mutation]
 10289 | D:6      | Gained mutation: Your flesh is cold resistant. (rC+)
                  | [potion of mutation]
 10290 | D:6      | Lost mutation: You occasionally lose the ability to drink
                  | potions when taking damage. [potion of mutation]
 10290 | D:6      | Lost mutation: Your flesh is cold resistant. (rC+) [potion
                  | of mutation]
 10290 | D:6      | Lost mutation: Potions are less effective at restoring your
                  | health. [potion of mutation]
 10290 | D:6      | Gained mutation: Your magical capacity is low. (-10% MP)
                  | [potion of mutation]
 10290 | D:6      | Gained mutation: You possess an exceptional clarity of
                  | mind. [potion of mutation]
 10300 | D:6      | Found a runed translucent door.
 10301 | D:6      | Noticed Crazy Yiuf
 10550 | D:6      | Reached skill level 7 in Spellcasting
 10700 | D:6      | Reached skill level 5 in Hexes
 10708 | D:6      | Learned a level 4 spell: Fulminant Prism
 10829 | D:6      | Found a snail-covered altar of Cheibriados.
 11033 | D:6      | Reached XP level 8. HP: 27/41 MP: 8/19
 11228 | D:6      | Killed Grinder
 11509 | D:7      | Found a shimmering altar of Xom.
 12222 | D:5      | Reached skill level 8 in Spellcasting
 14196 | D:6      | Killed Crazy Yiuf
 14197 | D:6      | Reached skill level 9 in Spellcasting
 14477 | D:8      | Identified the "Ocopivaku"
 14695 | D:4      | Became a worshipper of Vehumet
 14810 | D:8      | Learned a level 4 spell: Iskenderun's Mystic Blast
 14940 | D:8      | Reached XP level 9. HP: 34/45 MP: 14/21
 15083 | D:8      | Noticed Joseph
 15096 | D:8      | Reached skill level 1 in Translocations
 15132 | D:8      | Noticed a troll
 15665 | D:8      | Found a transporter.
 15842 | D:8      | Killed a troll
 15843 | D:8      | Reached skill level 1 in Short Blades
 17125 | D:8      | Found a transporter.
 17133 | D:8      | Reached skill level 1 in Shields
 17318 | D:8      | Identified the +4 long sword of Ishrop {vamp, Int+2}
 17553 | D:8      | Reached skill level 10 in Spellcasting
 17746 | D:8      | Reached * piety under Vehumet
 17746 | D:8      | Offered knowledge of Sandblast by Vehumet.
 17942 | D:9      | Identified the "Feimostre"
 17942 | D:9      | Identified the "Omuxonob"
 18344 | D:9      | Noticed a cyclops
 18369 | D:9      | Noticed a boulder beetle
 18428 | D:9      | Reached XP level 10. HP: 5/50 MP: 14/23
 18927 | D:9      | Noticed an ice statue
 19452 | D:9      | Found Icobel's Book Shop.
 19476 | D:9      | Offered knowledge of Foxfire by Vehumet.
 19490 | D:9      | Reached ** piety under Vehumet
 19497 | D:9      | Found a staircase to the Lair.
 19904 | D:9      | Found a shimmering blue altar of Sif Muna.
 20262 | D:9      | Killed a boulder beetle
 20495 | D:9      | Reached skill level 10 in Conjurations
 20496 | D:9      | Reached skill level 11 in Spellcasting
 20585 | D:9      | Reached skill level 10 in Hexes
 20764 | D:9      | Identified the +6 flail of the Mind {freeze, rElec rCorr}
 20801 | D:9      | Upgraded the game from 0.31-a0-983-g7b6862f502 to
                  | 0.31-a0-986-g5e6e4ef867
 20856 | Lair:1   | Entered Level 1 of the Lair of Beasts
 20956 | Lair:1   | Learned a level 3 spell: Stone Arrow
 21389 | Lair:1   | Noticed a cane toad
 21401 | Lair:1   | Reached skill level 1 in Earth Magic
 21414 | Lair:1   | Killed a cane toad
 21415 | Lair:1   | Reached XP level 11. HP: 4/54 MP: 16/25
 22381 | Lair:1   | Learned a level 3 spell: Vampiric Draining
 22418 | Lair:2   | Offered knowledge of Scorch by Vehumet.
 22458 | Lair:1   | Reached skill level 5 in Dodging
 22644 | Lair:2   | Reached skill level 1 in Necromancy
 22644 | Lair:2   | Reached skill level 5 in Translocations
 23277 | Lair:2   | Reached skill level 12 in Spellcasting
 23280 | Lair:2   | Reached *** piety under Vehumet
 23441 | Lair:2   | Noticed a death yak
 23441 | Lair:2   | Noticed a death yak
 23441 | Lair:2   | Noticed a death yak
 23443 | Lair:2   | Noticed a death yak
 23592 | Lair:2   | Noticed Amaemon
 23757 | Lair:1   | Killed Amaemon
 24276 | Lair:2   | Slain by a blink frog

Illustrated notes

Levels and vault maps discovered:
D:1:      dpeg_arrival_tiny_g, layout_basic
D:2:      layout_loops_ring
D:3:      cheibrodos_pilgrimage, layout_basic, cheibrodos_sewer_entry_bend,
          dreamdust_ecumenical_altar_statues, minmay_door_square, minmay_vboxes
D:4:      layout_layer_cave, lemuel_coloured_pillars_altar, nicolae_titane
D:5:      layout_basic, zin_purify, minmay_temple_entry_hall, uniq_blork_the_orc
D:6:      layout_rooms, slow_altar_1, minivault_1, uniq_grinder,
          uniq_crazy_yiuf_cottage
D:7:      layout_cave_pools, mainiacjoe_overflow_alcove_4, sigmund_army
D:8:      gammafunk_cloud_chamber, layout_cave_pods, kennysheep_generic_room_13,
          uniq_joseph
D:9:      minmay_statue_hallways, layout_loops_ring, led_sif_book, serial_shops,
          shop, minmay_mirror_moons_of_madness
Temple:   jpeg_temple_clearing
Lair:1:   layout_gridlike, grunt_megastairs_2
Lair:2:   layout_regular_city, beast_lair_carwin_7, grunt_megastairs_3,
          uniq_amaemon

Skill      XL: |  1  2  3  4  5  6  7  8  9 10 11 |
---------------+----------------------------------+-----
Dodging        | 3 4 6 |  6.1
Stealth        | 3 4 |  4.2
Spellcasting   | 4 5 7 9 10 11 12 | 12.3
Conjurations   | 5 6 7 8 9 10 11 | 11.0
Hexes          | 1 3 5 7 8 10 11 | 11.3
Translocations | 3 4 5 |  5.7
Short Blades   | 3 4 |  4.0
Shields        | 2 4 |  4.0
Earth Magic    | 1 3 |  3.7
Necromancy     | 3 |  3.1

Action                     |  1- 3 |  4- 6 |  7- 9 | 10-12 || total
---------------------------+-------+-------+-------+-------++-------
  Melee: Dagger            |       |     7 |    22 |    32 ||    61
         Punch             |       |       |     1 |       ||     1
  Throw: Dart              |       |       |       |     4 ||     4
         Throwing net      |       |       |       |     1 ||     1
   Cast: Magic Dart        |    74 |   192 |   245 |   139 ||   650
         Searing Ray       |       |    10 |    46 |    48 ||   104
         Dazzling Flash    |       |     2 |    14 |     5 ||    21
         Sigil of Binding  |       |       |     2 |     2 ||     4
         Slow              |       |       |     2 |       ||     2
         Confusing Touch   |       |       |     1 |     3 ||     4
         Iskenderun's Myst |       |       |     5 |    37 ||    42
         Fulminant Prism   |       |       |     1 |     1 ||     2
         Stone Arrow       |       |       |       |     8 ||     8
  Evoke: Wand              |       |       |       |    14 ||    14
    Use: Scroll            |     1 |    12 |    11 |     2 ||    26
         Potion            |       |       |     8 |     6 ||    14
   Stab: Invisible         |       |     1 |     3 |     1 ||     5
         Sleeping          |       |     2 |     1 |       ||     3
 Armour: Robe              |     2 |    22 |   114 |   102 ||   240
  Dodge: Dodged            |     7 |    16 |   125 |    83 ||   231
  Block: Buckler           |       |       |     4 |    31 ||    35

Table legend: (Time is in decaauts)
 A = Elapsed time spent in this place.
 B = Non-inter-level travel time spent in this place.
 C = Inter-level travel time spent in this place.
 D = Time resting spent in this place.
 E = Time spent auto-exploring this place.
 F = Levels seen in this place.
 G = Mean time per level.
                   A        B        C        D        E       F      G
               +--------+--------+--------+--------+--------+-----+--------+
         Total |  24284 |  23624 |    660 |  12886 |   6336 |  13 | 1868.0 |
       Dungeon |  18697 |  18084 |    613 |   9124 |   5793 |   9 | 2077.4 |
        Temple |     54 |     46 |      8 |      0 |      0 |   1 |   54.0 |
          Lair |   3423 |   3384 |     39 |   2138 |    340 |   2 | 1711.5 |
         Sewer |   2109 |   2109 |      0 |   1624 |    203 |   1 | 2109.0 |
               +--------+--------+--------+--------+--------+-----+--------+

Top non-repeatable levels by time:
     D:8: 3051 daAuts
     D:9: 2478 daAuts
  Lair:1: 2436 daAuts
     D:6: 2290 daAuts
   Sewer: 2109 daAuts
     D:7: 2103 daAuts
     D:4: 1880 daAuts
     D:3: 1784 daAuts
     D:5: 1783 daAuts
     D:1: 1770 daAuts
     D:2: 1554 daAuts
  Lair:2: 986 daAuts
  Temple: 54 daAuts
